 Dungeon Crawl Stone Soup version 0.31.0-32-g396128a36d (webtiles) character file.

Game seed: 14351207929492090143

62571 AbbaRin the Thaumaturge (level 14, -4/68 HPs)
             Began as a Deep Elf Conjurer on Mar 27, 2024.
             Was an Elder of Sif Muna.
             Killed themself with a badly aimed concussive blast (29 damage)
             ... on level 1 of the Spider Nest on Mar 29, 2024.
             The game lasted 06:09:50 (28988 turns).

AbbaRin the Thaumaturge (Deep Elf Conjurer)        Turns: 28988, Time: 06:09:57

Health: -4/68      AC: 12    Str:  9    XL:     14   Next: 64%
Magic:  7/42       EV: 14    Int: 29    God:    Sif Muna [****..]
Gold:   241        SH: 12    Dex: 13    Spells: 12/40 levels left

rFire   . . .        i - staff of Wariness {SInv Conj Air}
rCold   . . .        S - +2 buckler
rNeg    . . .        v - +0 acid dragon scales
rPois   .            s - +0 helmet
rElec   .            G - +0 cloak "Higuvu" {Str+5}
rCorr   +            n - +0 pair of gloves
SInv    +            (no boots)
Will    ++...        j - amulet of reflection
Stlth   ++++         V - ring of magical power
HPRegen 0.31/turn    H - ring of willpower
MPRegen 0.28/turn

%: random rage (3%), reflection
@: no status effects
A: see invisible, berserk 1, shaggy fur 1, noise suppression
a: Renounce Religion, Channel Magic, Forget Spell, Divine Exegesis


You were on level 1 of the Spider Nest.
You worshipped Sif Muna.
Sif Muna was greatly pleased with you.
You visited 4 branches of the dungeon, and saw 18 of its levels.

You collected 951 gold pieces.
You spent 710 gold pieces at shops.

Inventory:

Hand Weapons
 b - a +2 antimagic short sword
 c - a +5 short sword of protection
 f - a +0 sling
 g - a +1 mace of protection
 h - a +5 war axe
 q - a +0 arbalest
 T - a +0 longbow
 U - a +4 triple sword of holy wrath
Missiles
 o - 6 javelins
 t - 31 poisoned darts
Armour
 k - a +2 kite shield
 n - a +0 pair of gloves (worn)
 s - a +0 helmet (worn)
 v - +0 acid dragon scales (worn)
 G - the +0 cloak "Higuvu" (worn) {Str+5}
   (You found it on level 8 of the Dungeon)

   Str+5:     It affects your strength (+5).
 S - a +2 buckler (worn)
Magical Staves
 i - the staff of Wariness (weapon) {SInv Conj Air}
   (You acquired it on level 6 of the Dungeon)

   [staff of conjuration]

   Base accuracy: +5 Base damage: 5 Base attack delay: 1.2 This weapon's minimum
   attack delay (0.6) is reached at skill level 12.
   SInv:      It lets you see invisible.
   Conj:      It increases the power of your Conjurations spells.
   Air:       It increases the power of your Air spells.
   It falls into the 'Staves' category.
   It is a one-handed weapon.
 y - a staff of cold
 B - a staff of earth
Jewellery
 j - an amulet of reflection (around neck)
 l - a ring of positive energy
 w - a ring of protection from fire
 C - a ring of positive energy
 H - a ring of willpower (right hand)
 L - a ring of resist corrosion
 P - a ring of ice
 V - a ring of magical power (left hand)
 W - a ring of poison resistance
Wands
 e - a wand of digging (6)
 I - a wand of roots (3)
 K - a wand of acid (14)
 N - a wand of flame (8) (quivered)
Scrolls
 p - 4 scrolls of identify
 r - 3 scrolls of immolation
 x - a scroll of revelation
 E - 6 scrolls of teleportation
 F - 4 scrolls of summoning
 J - 3 scrolls of amnesia
 M - 2 scrolls of fog
 O - 3 scrolls of fear
Potions
 a - a potion of resistance
 d - 5 potions of might
 u - a potion of enlightenment
 z - 2 potions of lignification
 A - 3 potions of berserk rage
 D - 3 potions of ambrosia
 Q - 2 potions of attraction
 R - a potion of brilliance


   Skills:
 - Level 1.4 Short Blades
 + Level 6.2 Armour
 + Level 9.8 Dodging
 + Level 10.7 Stealth
 * Level 5.1 Shields
 * Level 13.9 Spellcasting
 + Level 9.7 Conjurations
 + Level 7.2 Translocations
 - Level 7.0 Fire Magic
 + Level 8.7 Ice Magic
 - Level 7.3 Air Magic
 - Level 4.4 Alchemy
 + Level 7.1 Invocations
 + Level 7.3 Evocations


You had 12 spell levels left.
You knew the following spells:

 Your Spells              Type           Power      Damage    Failure   Level
a - Magic Dart            Conj           100%       1d8       1%          1
b - Searing Ray           Conj           100%       2d8       1%          2
c - Iskenderun's Mystic   Conj/Tloc      81%        2d16      1%          4
d - Volatile Blastmotes   Fire/Tloc      100%       2d18      1%          3
e - Mercury Vapours       Alch/Air       100%       N/A       1%          2
f - Freezing Cloud        Conj/Ice/Air   51%        6-21      4%          5
g - Airstrike             Air            38%        2d(6-22)  2%          4
h - Passage of Golubria   Tloc           58%        N/A       3%          4
i - Hailstorm             Conj/Ice       84%        3d14      1%          3

Your spell library contained the following spells:

 Spells                   Type           Power      Damage    Failure   Level
 Apportation              Tloc           100%       N/A       1%          1
 Freeze                   Ice            100%       1d10      1%          1
 Kiss of Death            Conj/Necr      100%       2d13      1%          1
 Sting                    Conj/Alch      100%       1d9       1%          1
 Blink                    Tloc           100%       N/A       1%          2
 Lesser Beckoning         Tloc           100%       N/A       1%          2
 Momentum Strike          Conj/Tloc      100%       3d10      1%          2
 Static Discharge         Conj/Air       100%       3-8/arc   1%          2
 Frozen Ramparts          Ice            100%       1d16      1%          3
 Gell's Gravitas          Tloc           58%        N/A       1%          3
 Mephitic Cloud           Conj/Alch/Air  95%        N/A       1%          3
 Teleport Other           Tloc           58%        N/A       1%          3
 Summon Ice Beast         Ice/Summ       45%        N/A       2%          3
 Fulminant Prism          Conj/Alch      37%        3d18      3%          4
 Necrotise                Necr           80%        1d8       6%          1
 Summon Small Mammal      Summ           80%        N/A       6%          1
 Call Imp                 Summ           40%        N/A       9%          2
 Sublimation of Blood     Necr           20%        N/A       9%          2
 Summon Lightning Spire   Summ/Air       58%        N/A       13%         4
 Leda's Liquefaction      Alch/Erth      16%        N/A       22%         4
 Alistair's Intoxication  Alch           30%        N/A       26%         5
 Silence                  Hex/Air        29%        N/A       34%         5
 Dispersal                Tloc           29%        N/A       41%         6
 Bombard                  Conj/Erth      32%        9d6       75%         6
 Eringya's Noxious Bog    Alch           22%        4d6       80%         6
 Borgnjor's Vile Clutch   Necr/Erth      10%        N/A       85%         5
 Lee's Rapid Deconstruct  Erth           10%        3d8*      85%         5
 Summon Mana Viper        Hex/Summ       20%        N/A       85%         5
 Death Channel            Necr           10%        N/A       100%        6
 Monstrous Menagerie      Summ           10%        N/A       100%        7
 Summon Hydra             Summ           10%        N/A       100%        7
 Lehudib's Crystal Spear  Conj/Erth      32%        10d8      100%        8


Dungeon Overview and Level Annotations

Branches:
Dungeon (11/15)            Temple (1/1) D:7            Lair (5/5) D:8
  Swamp (0/4) Lair:2       Spider (1/4) Lair:2        Slime (0/5) Lair:5
    Orc (0/2) D:11

Altars:
Ashenzari
Cheibriados
Dithmenos
Elyvilon
Fedhas
Gozag
Hepliaklqana
Kikubaaqudgha
Makhleb
Nemelex Xobeh
Okawaru
Qazlal
Ru
Sif Muna
Trog
Uskayaw
Vehumet
Wu Jian
Xom
Yredelemnul
Zin
The Shining One
Jiyva

Shops:
D:5 (   D:8 *=[?   D:9 [*[   D:11 [(

Annotations:
D:6 Jeremiah


Innate Abilities, Weirdness & Mutations

You have supernaturally acute eyesight. (SInv)
You sometimes lose your temper in combat.
You are covered in fur. (AC +1)
You passively dampen the noise of your surroundings.


Message History

Casting: Iskenderun's Mystic Blast (dangerous; 1% risk of failure)
Confirm with . or Enter, or press ? or * to list all spells.
You feel a surge of power!
You erupt in a blast of force!
The mystic blast hits the redback!
The redback is severely wounded.
The redback is knocked back by the mystic blast.
The mystic blast hits the jumping spider!!
You kill the jumping spider!
Sif Muna accepts your kill.
You feel very sick.
The jumping spider leaps!
You feel much better.
You feel sick.
The jumping spider leaps!
You feel sick.
The jumping spider leaps!
You see here a jumping spider corpse.
You feel sick. You block the redback's attack.
A redback is nearby!
A redback is nearby!
A redback is nearby!
You feel sick. The redback bites you!
A redback is nearby!
Casting: Iskenderun's Mystic Blast (dangerous; 1% risk of failure)
Confirm with . or Enter, or press ? or * to list all spells.
You feel a surge of power!
You erupt in a blast of force!
The mystic blast hits the redback!
You kill the redback!
Sif Muna accepts your kill.
You feel sick.
You start resting.
You feel sick.
A jumping spider is nearby!
Casting: Iskenderun's Mystic Blast (dangerous; 1% risk of failure)
Confirm with . or Enter, or press ? or * to list all spells.
A cloud of volatile blastmotes flares up around you!
Run!
You feel sick.
You feel sick.
You are no longer poisoned.
The cloud of blastmotes explodes!
The concussive blast engulfs the jumping spider!!
The jumping spider is almost dead.
The concussive blast engulfs you!!
You die...

#....#...#..
#...........
######.......#..
#...##^..#.....
#...##......#
#..#...#..## .
##....<.....# ..
#^..........# ...
#..#@...^.^##..##
####s##..........#
#††...........#
#......#####..#
#...#.....# .#
......###........#
...... ##..^.#..#
..... #...........
.....
^............


You could see a jumping spider.

Vanquished Creatures
  Josephine (Lair:4)
  Fannar (Lair:3)
  4 hydras
  2 catoblepae
  A boulder beetle (D:11)
  2 alligators (Lair:3)
  A deep troll shaman (Lair:5)
  14 death yaks
  A two-headed ogre (D:9)
  Nergalle (D:11)
  2 skysharks
  A pharaoh ant (Spider:1)
  A bog body (Lair:4)
  3 skeletal warriors (D:11)
  A lindwurm (Lair:5)
  An ugly thing (D:11)
  A wolf spider (Spider:1)
  6 black mambas
  22 elephants
  A torpor snail (Spider:1)
  12 cane toads
  An unseen horror (D:10)
  6 rime drakes
  A freezing wraith (Lair:4)
  5 komodo dragons
  5 polar bears
  2 ice devils (Lair:1)
  2 trolls
  A tyrant leech (Lair:3)
  11 blink frogs (Lair:3)
  A tarantella (Spider:1)
  6 dream sheep (Lair:5)
  3 slime creatures (Lair:5)
  4 jumping spiders
  A vampire (D:11)
  7 wraiths
  A culicivora (Lair:2)
  2 shadows
  40 yaks
  4 wyverns
  2 steam dragons
  3 basilisks
  Grum (D:9)
  2 redbacks (Spider:1)
  7 vampire mosquitoes
  Menkaure (D:7)
  10 water moccasins
  An acid dragon (D:10)
  A swamp worm (Lair:3)
  3 swamp drakes (Lair:3)
  8 orc warriors
  2 sky beasts (D:7)
  2 black bears
  An ice beast (D:5)
  The ghost of tymior the Sneak, an amateur BaDe (D:3)
  An ogre (D:6)
  15 wolves
  A phantom (D:5)
  2 centaurs
  3 kobold brigands
  9 bullfrogs
  A gnoll sergeant (D:7)
  A two-headed ogre simulacrum (Lair:4)
  A scorpion (D:6)
  An entropy weaver simulacrum (Lair:4)
  17 wights
  4 killer bees (D:9)
  2 vampire bats (D:10)
  An electric eel (Lair:2)
  3 bombardier beetles (D:5)
  2 jellies
  4 hounds (D:8)
  7 orc priests
  2 iguanas (D:4)
  10 orc wizards
  A sleepcap (D:5)
  4 gnolls (D:7)
  8 adders
  2 shadow imps
  4 white imps
  8 ufetubi
  4 dart slugs
  2 ribbon worms
  33 orcs
  5 ball pythons
  10 bats
  8 endoplasms
  6 goblins
  5 hobgoblins
  2 jackals (D:4)
  5 quokkas
  13 kobolds
  5 rats
439 creatures vanquished.

Vanquished Creatures (collateral kills)
  A rime drake (Lair:3)
  2 yaks (D:9)
  An orc wizard (D:9)
4 creatures vanquished.

Vanquished Creatures (others)
  A komodo dragon (Lair:3)
  A polar bear (Lair:4)
  A yak (D:9)
  A water moccasin (Lair:1)
4 creatures vanquished.

Grand Total: 447 creatures vanquished

Notes
Turn   | Place    | Note
-------+----------+-------------------------------------------
     0 | D:1      | AbbaRin the Deep Elf Conjurer began the quest for the Orb.
     0 | D:1      | Reached XP level 1. HP: 10/10 MP: 6/6
   372 | D:1      | Reached XP level 2. HP: 10/15 MP: 8/8
   375 | D:1      | Learned a level 2 spell: Searing Ray
   520 | D:1      | Found a faded altar of an unknown god.
  1041 | D:2      | Reached skill level 1 in Translocations
  1041 | D:2      | Reached XP level 3. HP: 13/19 MP: 9/9
  1071 | D:2      | Identified a scroll of acquirement
  1555 | D:2      | Reached skill level 1 in Alchemy
  2005 | D:3      | Reached XP level 4. HP: 17/24 MP: 5/11
  2013 | D:3      | Got the Excursus on Geological Left-Handed Arts
  2450 | D:3      | Found a runed translucent door.
  2456 | D:3      | Noticed tymior's ghost (amateur BaDe)
  2845 | D:3      | Killed tymior's ghost
  2846 | D:3      | Reached skill level 4 in Spellcasting
  2846 | D:3      | Reached XP level 5. HP: 14/28 MP: 10/13
  3265 | D:4      | Reached skill level 1 in Armour
  3303 | D:4      | Found a shadowy altar of Dithmenos.
  3303 | D:4      | Found a hazy altar of Hepliaklqana.
  3306 | D:4      | Noticed a shadow
  3935 | D:5      | Entered Level 5 of the Dungeon
  3979 | D:5      | Reached skill level 5 in Conjurations
  3979 | D:5      | Reached XP level 6. HP: 32/32 MP: 8/14
  3987 | D:5      | Learned a level 4 spell: Iskenderun's Mystic Blast
  4126 | D:5      | Reached skill level 1 in Evocations
  4353 | D:5      | Found Cevuen's Antique Weapon Shop.
  4390 | D:5      | Learned a level 3 spell: Volatile Blastmotes
  4622 | D:5      | Reached XP level 7. HP: 36/36 MP: 10/15
  5662 | D:6      | Acquired the staff of Wariness {SInv Conj Air}
  5704 | D:6      | Reached skill level 1 in Short Blades
  5704 | D:6      | Reached skill level 1 in Fire Magic
  5725 | D:6      | Reached skill level 5 in Spellcasting
  5903 | D:6      | Reached skill level 1 in Ice Magic
  5903 | D:6      | Reached skill level 1 in Air Magic
  5903 | D:6      | Reached XP level 8. HP: 41/41 MP: 4/18
  6087 | D:6      | Noticed Jeremiah
  6089 | D:6      | Reached skill level 5 in Stealth
  6216 | D:6      | Found a radiant altar of Vehumet.
  6379 | D:6      | Reached skill level 6 in Spellcasting
  6894 | D:6      | Learned a level 2 spell: Mercury Vapours
  6940 | D:7      | Noticed Menkaure
  6941 | D:7      | Reached skill level 5 in Dodging
  6955 | D:7      | Killed Menkaure
  7262 | D:7      | Found a staircase to the Ecumenical Temple.
  7324 | D:7      | HP: 1/41 [orc warrior/arrow (7)]
  7360 | D:7      | Reached XP level 9. HP: 32/45 MP: 3/20
  7471 | Temple   | Entered the Ecumenical Temple
  7493 | Temple   | Became a worshipper of Sif Muna the Loreminder
  7644 | D:7      | Learned a level 5 spell: Freezing Cloud
  8050 | D:7      | Reached skill level 7 in Spellcasting
  8050 | D:7      | Reached skill level 1 in Invocations
  8454 | D:7      | Found a bloodstained altar of Trog.
  8959 | D:8      | Identified the +0 cloak "Higuvu" {Str+5}
  9038 | D:8      | Found Bunon's Assorted Antiques.
  9048 | D:8      | Bought a golden ring for 140 gold pieces
  9057 | D:8      | Bought a scroll of identify for 56 gold pieces
  9057 | D:8      | Bought a scroll labelled HYFIAPENIE for 28 gold pieces
  9057 | D:8      | Bought 2 sedimented puce potions for 50 gold pieces
  9353 | D:8      | Found Teirhio's Jewellery Shoppe.
  9818 | D:8      | Noticed a troll
  9830 | D:8      | Killed a troll
  9939 | D:8      | Reached skill level 5 in Translocations
 10075 | D:8      | Found Nowuzopuzu's Antique Armour Shoppe.
 10258 | D:8      | Reached XP level 10. HP: 44/50 MP: 18/23
 10444 | D:8      | Found a staircase to the Lair.
 10663 | D:8      | Reached * piety under Sif Muna
 11382 | D:8      | Found Xiorucow's Magic Scroll Shoppe.
 11496 | D:9      | Reached skill level 8 in Spellcasting
 11496 | D:9      | Reached skill level 5 in Ice Magic
 11539 | D:9      | Noticed Grum
 11543 | D:9      | Killed Grum
 11761 | D:9      | Noticed a two-headed ogre
 11957 | D:9      | Killed a two-headed ogre
 11971 | D:9      | Found Rivymimp's Assorted Antiques.
 11973 | D:9      | Found Pyqasme's Antique Armour Boutique.
 11974 | D:9      | Found Batipt's Antique Armour Boutique.
 12348 | D:9      | Reached skill level 9 in Spellcasting
 12363 | D:9      | Reached skill level 5 in Air Magic
 12654 | D:9      | Found a glowing golden altar of the Shining One.
 12822 | D:9      | Reached skill level 5 in Fire Magic
 13603 | D:8      | Learned a level 4 spell: Airstrike
 13832 | D:10     | Entered Level 10 of the Dungeon
 13886 | D:10     | Reached XP level 11. HP: 54/54 MP: 14/26
 14111 | D:10     | Learned a level 4 spell: Passage of Golubria
 14491 | D:10     | Reached skill level 5 in Invocations
 15149 | D:10     | Reached ** piety under Sif Muna
 16180 | D:11     | Noticed a skeletal warrior
 16180 | D:11     | Noticed a skeletal warrior
 16180 | D:11     | Noticed a skeletal warrior
 16181 | D:11     | Noticed a white ugly thing
 16191 | D:11     | Killed a skeletal warrior
 16195 | D:11     | Killed a skeletal warrior
 16198 | D:11     | Killed a white ugly thing
 16206 | D:11     | Killed a skeletal warrior
 16213 | D:11     | Found a staircase to the Orcish Mines.
 16213 | D:11     | Found Vunkatt's Weapon Boutique.
 16213 | D:11     | Found Saiff's Armour Boutique.
 16302 | D:11     | Noticed Nergalle
 16310 | D:11     | Killed Nergalle
 16623 | D:11     | Noticed a boulder beetle
 16637 | D:11     | Killed a boulder beetle
 16638 | D:11     | Reached skill level 10 in Spellcasting
 17370 | D:9      | Bought a crooked wooden wand for 136 gold pieces
 17644 | D:8      | Gained mutation: You passively dampen the noise of your
                  | surroundings. [potion of mutation]
 17644 | D:8      | Gained mutation: You sometimes lose your temper in combat.
                  | [potion of mutation]
 17644 | D:8      | Gained mutation: You are covered in fur. (AC +1) [potion of
                  | mutation]
 17644 | D:8      | Gained mutation: You have supernaturally acute eyesight.
                  | (SInv) [potion of mutation]
 17698 | Lair:1   | Entered Level 1 of the Lair of Beasts
 18011 | Lair:1   | Learned a level 3 spell: Hailstorm
 18487 | Lair:1   | Reached XP level 12. HP: 59/59 MP: 14/28
 19154 | Lair:2   | Found a staircase to the Swamp.
 19224 | Lair:2   | Found a dark tunnel.
 19233 | Lair:2   | Found a hole to the Spider Nest.
 19281 | Lair:2   | Noticed a six-headed hydra
 20092 | Lair:2   | Killed a six-headed hydra
 20220 | Lair:3   | Noticed Fannar
 20229 | Lair:3   | Killed Fannar
 20250 | Lair:3   | Reached skill level 11 in Spellcasting
 20321 | Lair:3   | Reached skill level 5 in Evocations
 20992 | Lair:3   | Reached skill level 1 in Shields
 20992 | Lair:3   | Noticed a four-headed hydra
 21197 | Lair:3   | Reached *** piety under Sif Muna
 21438 | Lair:3   | Noticed a five-headed hydra
 21447 | Lair:3   | Killed a five-headed hydra
 21482 | Lair:3   | Noticed an alligator
 21497 | Lair:3   | Reached XP level 13. HP: 58/63 MP: 8/30
 22014 | Lair:3   | Reached skill level 5 in Armour
 22023 | Lair:3   | Reached skill level 12 in Spellcasting
 22802 | Lair:3   | You fall into a shaft and drop 2 floors!
 22802 | Lair:5   | Entered Level 5 of the Lair of Beasts
 23425 | Lair:5   | Found a staircase to the Slime Pits.
 23425 | Lair:5   | Found a viscous altar of Jiyva.
 23658 | Lair:5   | Reached **** piety under Sif Muna
 23659 | Lair:5   | Reached skill level 10 in Stealth
 23840 | Lair:5   | Reached skill level 13 in Spellcasting
 24031 | Lair:5   | Reached XP level 14. HP: 29/68 MP: 3/33
 24807 | Lair:4   | Noticed Josephine
 24834 | Lair:4   | Killed Josephine
 26253 | D:8      | Bought a ring of magical power for 300 gold pieces
 27583 | Lair:5   | Reached skill level 5 in Shields
 28270 | Lair:4   | You fall into a shaft and drop 1 floor!
 28332 | Lair:4   | You fall into a shaft and drop 1 floor!
 28640 | Spider:1 | Entered Level 1 of the Spider Nest
 28988 | Spider:1 | Killed themself with a badly aimed concussive blast

Illustrated notes

Levels and vault maps discovered:
D:1:      minmay_arrival_arboretum_small, layout_loops_ring,
          basic_ecumenical_altar
D:2:      layout_basic, minmay_misc_feat_roman, minmay_misc_feat_x
D:3:      layout_loops_ring, ebering_ghost_reflecting_pool
D:4:      layout_loops_ring, riverfiend_overflow_shadow_ancestor
D:5:      layout_loops_corners, serial_shops, nicolae_shop_real_fake_doors
D:6:      layout_rooms, old_standard_altar, minmay_unpleasant_kobolds,
          uniq_jeremiah
D:7:      layout_loops_ring, lightli_temple_of_fire,
          minmay_temple_entry_water_ring, uniq_menkaure
D:8:      layout_layer_cave, erik_lair_island, serial_shops, shop,
          kennysheep_mini_moat, nicolae_stop_n_shop_1, shop
D:9:      layout_loops_ring, mainiacjoe_overflow_cross_hatched, moated_statue,
          nicolae_shop_distant_corner_stores, chequers_serial_rivers_small_a,
          uniq_grum
D:10:     layout_stronghold, roderic_batcave
D:11:     layout_gridville, orc_david_3, uniq_nergalle
Temple:   bh_familiar_temple
Lair:1:   layout_roguey, portal_ice_cave_demonic_guard
Lair:2:   layout_gridlike, swamp_mist, spider_nest_entry_rubble,
          enter_volcano_1, chequers_serial_rivers_room_a, lemuel_fruit_tree
Lair:3:   onia_ninara_swampy_vault, layout_chaotic_city, uniq_fannar
Lair:4:   dreamdust_isle_of_ice, layout_cave_pods, uniq_josephine
Lair:5:   grunt_lair_end_beastmaster, layout_misc_corridors,
          minmay_slime_entry_pillars, ldierk_geyser
Spider:1: layout_spider_delve

Skill      XL: |  1  2  3  4  5  6  7  8  9 10 11 12 13 14 |
---------------+-------------------------------------------+-----
Stealth        | 3 4 5 6 7 8 9 10 | 10.7
Translocations | 1 2 3 4 5 6 7 |  7.2
Dodging        | 3 4 5 6 7 8 9 |  9.8
Alchemy        | 1 2 3 4 |  4.4
Spellcasting   | 4 5 6 7 9 10 11 13 | 13.9
Armour         | 1 3 4 5 6 |  6.2
Conjurations   | 5 6 7 8 9 |  9.7
Evocations     | 1 2 3 5 6 7 |  7.3
Short Blades   | 1 |  1.4
Fire Magic     | 1 2 3 5 6 7 |  7.0
Ice Magic      | 1 3 4 5 6 7 8 |  8.7
Air Magic      | 1 2 3 5 6 7 |  7.3
Invocations    | 2 4 6 7 |  7.1
Shields        | 1 4 5 |  5.1

Action                     |  1- 3 |  4- 6 |  7- 9 | 10-12 | 13-15 || total
---------------------------+-------+-------+-------+-------+-------++-------
  Melee: Short sword       |    78 |    53 |    13 |       |       ||   144
         Staff             |       |       |    52 |    86 |    86 ||   224
         Punch             |       |       |     1 |     1 |       ||     2
  Throw: Dart              |       |     8 |       |       |       ||     8
   Cast: Magic Dart        |    18 |    10 |    55 |    51 |    23 ||   157
         Searing Ray       |     4 |    13 |    36 |    45 |    30 ||   128
         Iskenderun's Myst |       |       |    22 |   103 |   107 ||   232
         Volatile Blastmot |       |       |    14 |     7 |    19 ||    40
         Mercury Vapours   |       |       |     6 |    15 |     8 ||    29
         Freezing Cloud    |       |       |     4 |    26 |    20 ||    50
         Airstrike         |       |       |       |    32 |    51 ||    83
         Hailstorm         |       |       |       |    20 |    38 ||    58
         Passage of Golubr |       |       |       |       |     3 ||     3
 Invoke: Channel Magic     |       |       |       |    11 |    11 ||    22
  Evoke: Wand              |       |       |     7 |    16 |     1 ||    24
    Use: Scroll            |     2 |     9 |    12 |     6 |     4 ||    33
         Potion            |       |     4 |    11 |     6 |     4 ||    25
   Stab: Sleeping          |     6 |     5 |     1 |     2 |       ||    14
 Armour: Robe              |    42 |    38 |   116 |    44 |       ||   240
         Acid dragon scale |       |       |       |   105 |   159 ||   264
  Dodge: Dodged            |    52 |    46 |   136 |   125 |    89 ||   448
  Block: Other             |       |       |       |    49 |     6 ||    55
         Kite shield       |       |       |       |     4 |       ||     4
         Buckler           |       |       |       |       |    88 ||    88
         Reflection        |       |       |       |       |     2 ||     2
